 Dungeon Crawl Stone Soup version 0.32-a0-918-g0f22ef8d61 (webtiles) character file.

Game seed: 16304826181254189833

2822 Griffin23 the Carver (level 9, 0/82 HPs)
             Began as a Minotaur Fighter on Apr 11, 2024.
             Killed by an exploding ogre (21 damage)
             ... ignited by their inner flame
             ... in a bailey.
             The game lasted 00:13:45 (6487 turns).

Griffin23 the Carver (Minotaur Fighter)             Turns: 6487, Time: 00:13:51

Health: 0/82       AC: 17    Str: 26    XL:     9   Next: 45%
Magic:  8/8        EV:  7    Int:  5    God:
Gold:   418        SH:  4    Dex:  9    Spells: 8/8 levels left

rFire   + . .        a - +0 long sword (spect)
rCold   + . .        c - +0 buckler
rNeg    . . .        f - +1 chain mail {rF+}
rPois   .            (helmet restricted)
rElec   .            w - +2 cloak
rCorr   .            (no gloves)
SInv    .            (no boots)
Will    .....        g - amulet of regeneration Stlth
                     (no ring)
HPRegen 1.13/turn    (no ring)
MPRegen 0.11/turn

%: no passive effects
@: no status effects
A: horns 2, retaliatory headbutt, iridescent scales 1, cold resistance 1,
subdued magic 1, inability to drink after injury 1
a: no special abilities


You were in a bailey.
You visited 1 branch of the dungeon, and saw 7 of its levels.
You also visited: Bailey.

You collected 418 gold pieces.

Inventory:

Hand Weapons
 a - a +0 spectral long sword (weapon)
Armour
 b - a +0 scale mail
 c - a +0 buckler (worn)
 f - a +1 chain mail of fire resistance (worn)
 m - a scarf of repulsion
 w - a +2 cloak (worn)
 x - a +3 chain mail
Jewellery
 g - an amulet of regeneration (around neck)
 r - a ring of ice
Scrolls
 l - 2 scrolls of noise
 s - a scroll of amnesia
 u - a scroll of poison {unknown}
 v - a scroll of enchant armour {unknown}
Potions
 j - a potion of enlightenment


   Skills:
 + Level 8.4 Fighting
 * Level 11.0 Long Blades
 + Level 8.5 Armour
 - Level 5.0 Shields


You had 8 spell levels left.
You didn't know any spells.
Your spell library contained the following spells:

 Spells                   Type           Power      Damage    Failure   Level
 Lesser Beckoning         Tloc           0%         N/A       98%         2
 Dazzling Flash           Conj/Hex       0%         N/A       100%        3
 Fugue of the Fallen      Necr           0%         N/A       100%        3
 Maxwell's Portable Pile  Tloc           0%         2d(5-13)  100%        3
 Mephitic Cloud           Conj/Alch/Air  0%         N/A       100%        3
 Ozocubu's Armour         Ice            0%         N/A       100%        3
 Teleport Other           Tloc           0%         N/A       100%        3
 Curse of Agony           Necr           0%         N/A       100%        5
 Silence                  Hex/Air        0%         N/A       100%        5
 Manifold Assault         Tloc           0%         N/A       100%        7


Dungeon Overview and Level Annotations

Branches:
Dungeon (7/15)             Temple (0/1) D:7          Bailey (1/1)

Altars:
Cheibriados
Dithmenos
Elyvilon
Hepliaklqana
Uskayaw

Shops:
D:6 [=


Innate Abilities, Weirdness & Mutations

You have a pair of horns on your head.
You reflexively headbutt those who attack you in melee.
You are partially covered in iridescent scales. (AC +2)
Your flesh is cold resistant. (rC+)
Your spells are a little easier to cast, but a little less powerful.
You occasionally lose the ability to drink potions when taking damage.


Message History

You feel strangely unstable. The spriggan barely misses you.
The spriggan hits you but does no damage.
You block the spriggan's attack.
You miss the spriggan.
Your +0 spectral long sword hits the spriggan.
You block the ogre's attack. The ogre hits you but does no damage.
The spriggan hits you but does no damage.
You slash the spriggan!
The spriggan is heavily wounded.
Your +0 spectral long sword hits the spriggan.
Your surroundings suddenly seem different.
You start resting.
An ogre is nearby!
You aren't carrying any items that you can evoke.
As you read the scroll of immolation, it crumbles to dust.
The creatures around you are filled with an inner flame!
You feel a little less mighty now.
You aren't carrying any items that you can evoke.
It was a potion of mutation.
You feel extremely strange.
You occasionally lose the ability to drink potions when taking damage.
Iridescent scales grow over part of your body.
Your connection to magic feels subdued.
You feel resistant to cold.
It was a potion of magic.
Magic courses through your body.
As you read the scroll labelled AZIAXOLETY, it crumbles to dust.
It is a scroll of amnesia.
You feel forgetful for a moment.
Okay, then.
As you read the scroll labelled XILAEF QEACZAT, it crumbles to dust.
You feel aware of your surroundings.
It was a scroll of revelation.
The ogre hits you with a +0 glaive!
* * * LOW HITPOINT WARNING * * *
You closely miss the ogre. Your headbutt misses the ogre.
Your +0 spectral long sword barely misses the ogre.
You hit the ogre.
Flame seeps out of the ogre. x2; You headbutt the ogre!
The ogre is heavily wounded.
Your +0 spectral long sword hits the ogre.
Flame seeps out of the ogre.
The ogre is engulfed in blazing flames.
The ogre explodes!
The fiery explosion engulfs you!! You resist.
You die...

###############
###############
###############
###############
###############
###############
###############
###.....#######
##.....(@..#####
##.......○§..####
#....∩..§§....###
##...........####
##.........#####
###~~~~~#######
###~~~~~#######
###i~~~~#######
##....O..##


You could see a spriggan and a friendly +0 spectral long sword.

Vanquished Creatures
  Jeremiah (D:7)
  A spriggan (Bailey)
  A wyvern (D:7)
  An orc warrior (D:6)
  2 ice beasts (D:5)
  3 ogres
  A phantom (D:6)
  2 kobold brigands (D:6)
  2 bullfrogs (D:7)
  3 scorpions
  4 wights (D:6)
  3 killer bees (D:7)
  A bombardier beetle (D:2)
  Crazy Yiuf (D:6)
  2 orc priests
  4 hounds
  3 jellies
  Terence (D:2)
  2 iguanas
  A sleepcap (D:6)
  Natasha (thrice) (D:2)
  7 orc wizards
  A gnoll (D:1)
  12 adders
  A white imp (D:5)
  2 ufetubi (D:6)
  3 dart slugs
  2 ribbon worms
  24 orcs
  2 endoplasms
  2 giant cockroaches
  11 goblins
  2 hobgoblins
  3 jackals (D:3)
  2 quokkas
  4 ball pythons
  7 bats
  4 frilled lizards
  19 kobolds
  5 rats
155 creatures vanquished.

Vanquished Creatures (others)
  An orc warrior (D:4)
1 creature vanquished.

Grand Total: 156 creatures vanquished

Notes
Turn   | Place    | Note
-------+----------+-------------------------------------------
     0 | D:1      | Griffin23 the Minotaur Fighter began the quest for the Orb.
     0 | D:1      | Reached XP level 1. HP: 19/19 MP: 0/0
   200 | D:1      | Reached XP level 2. HP: 27/27 MP: 1/1
   370 | D:1      | Reached skill level 3 in Long Blades
   701 | D:2      | Reached XP level 3. HP: 28/33 MP: 2/2
   761 | D:2      | Found a hide-covered altar of Uskayaw.
   795 | D:2      | Noticed Natasha
   797 | D:2      | Noticed Terence
   805 | D:2      | Killed Natasha
   807 | D:2      | Killed Terence
   808 | D:2      | Reached skill level 4 in Long Blades
   808 | D:2      | Reached XP level 4. HP: 29/40 MP: 3/3
  1094 | D:2      | Noticed Natasha
  1098 | D:2      | Killed Natasha
  1276 | D:2      | Reached XP level 5. HP: 36/47 MP: 4/4
  1478 | D:2      | Noticed Natasha
  1486 | D:2      | Killed Natasha
  1593 | D:3      | Reached skill level 5 in Long Blades
  2346 | D:4      | Reached XP level 6. HP: 55/55 MP: 5/5
  2600 | D:4      | Reached skill level 5 in Shields
  2673 | D:4      | Reached skill level 5 in Armour
  2676 | D:4      | Reached skill level 5 in Fighting
  2767 | D:4      | Reached skill level 6 in Long Blades
  2947 | D:4      | Noticed an orc warrior
  2968 | D:4      | HP: 2/56 [orc warrior/+0 short sword (7)]
  2970 | D:4      | Killed an orc warrior
  2977 | D:4      | Reached XP level 7. HP: 43/61 MP: 6/6
  3201 | D:5      | Entered Level 5 of the Dungeon
  3369 | D:5      | Identified the +2 leather armour of Puduavinoa {Fly Str-4
                  | Int+3}
  3379 | D:5      | Found a hazy altar of Hepliaklqana.
  3394 | D:5      | Found a white marble altar of Elyvilon.
  3516 | D:5      | Reached skill level 7 in Long Blades
  3521 | D:5      | Found a shadowy altar of Dithmenos.
  3778 | D:5      | Found a snail-covered altar of Cheibriados.
  4032 | D:6      | Found Qanomued's Jewellery Shop.
  4185 | D:6      | Reached XP level 8. HP: 65/71 MP: 7/7
  4230 | D:6      | Reached skill level 8 in Long Blades
  4436 | D:6      | Found Yffad's Armour Emporium.
  4781 | D:6      | Reached skill level 9 in Long Blades
  4916 | D:6      | Found a runed translucent door.
  4917 | D:6      | Noticed Crazy Yiuf
  5741 | D:6      | Killed Crazy Yiuf
  5761 | D:6      | Identified the +7 hammer of World Downfall {protect, Dex+6
                  | Stlth-}
  5862 | D:7      | Noticed Jeremiah
  6039 | D:7      | Reached XP level 9. HP: 56/73 MP: 8/8
  6066 | D:7      | Killed Jeremiah
  6067 | D:7      | Reached skill level 10 in Long Blades
  6203 | D:7      | Found a staircase to the Ecumenical Temple.
  6364 | D:7      | Found a flagged portal.
  6377 | Bailey   | Entered a bailey
  6440 | Bailey   | Reached skill level 11 in Long Blades
  6462 | Bailey   | HP: 3/82 [ogre/+0 halberd (15)]
  6481 | Bailey   | Gained mutation: You occasionally lose the ability to drink
                  | potions when taking damage. [potion of mutation]
  6481 | Bailey   | Gained mutation: You are partially covered in iridescent
                  | scales. (AC +2) [potion of mutation]
  6481 | Bailey   | Gained mutation: Your spells are a little easier to cast,
                  | but a little less powerful. [potion of mutation]
  6481 | Bailey   | Gained mutation: Your flesh is cold resistant. (rC+)
                  | [potion of mutation]
  6487 | Bailey   | Killed by an exploding ogre... ignited by their inner flame

Illustrated notes

Levels and vault maps discovered:
D:1:      dpeg_arrival_boxes_within_box, layout_basic
D:2:      layout_loops_ring, basic_altar, uniq_terence, uniq_natasha
D:3:      layout_basic
D:4:      layout_basic, hangedman_abyss_or_decor_stabs
D:5:      layout_basic, marbit_many_paths, kennysheep_slug_shrine,
          jmf_multi_god_temple, minmay_strange_pillars,
          kennysheep_generic_room_9
D:6:      cheibrodos_thug_alley, layout_layer_cave, serial_shops,
          nicolae_shop_stone, nicolae_shop_competitors_out_of_business,
          lexackson_kobold_supper, uniq_crazy_yiuf_cottage
D:7:      layout_loops_ring, minmay_temple_entry_trees, enter_bailey_3,
          nicolae_lava_and_water, uniq_jeremiah
Bailey:   bailey_polearm_enchanted_keep_hellmonk, bailey

Skill      XL: |  1  2  3  4  5  6  7  8  9 |
---------------+----------------------------+-----
Long Blades    | 3 4 5 6 7 9 11 | 11.0
Armour         | 4 5 6 7 8 |  8.5
Shields        | 4 5 |  5.0
Fighting       | 4 5 6 7 8 |  8.4

Action                     |  1- 3 |  4- 6 |  7- 9 || total
---------------------------+-------+-------+-------++-------
  Melee: Long sword        |    79 |   188 |   363 ||   630
         Headbutt          |    12 |    26 |    57 ||    95
  Throw: Throwing net      |       |       |     2 ||     2
  Evoke: Wand              |       |       |    29 ||    29
    Use: Potion            |     1 |     1 |     5 ||     7
         Scroll            |       |       |    16 ||    16
 Armour: Chain mail        |    62 |   221 |   361 ||   644
         Scale mail        |     9 |       |       ||     9
  Dodge: Dodged            |    26 |    67 |   140 ||   233
         Repelled          |       |     9 |     8 ||    17
  Block: Buckler           |    31 |    44 |    79 ||   154

Table legend: (Time is in decaauts)
 A = Elapsed time spent in this place.
 B = Non-inter-level travel time spent in this place.
 C = Inter-level travel time spent in this place.
 D = Time resting spent in this place.
 E = Time spent auto-exploring this place.
 F = Levels seen in this place.
 G = Mean time per level.
                   A        B        C        D        E       F      G
               +--------+--------+--------+--------+--------+-----+--------+
         Total |   6606 |   6410 |    196 |    278 |   4682 |   8 |  825.8 |
       Dungeon |   6497 |   6301 |    196 |    262 |   4650 |   7 |  928.1 |
        Bailey |    109 |    109 |      0 |     16 |     31 |   1 |  109.0 |
               +--------+--------+--------+--------+--------+-----+--------+

Top non-repeatable levels by time:
     D:6: 1916 daAuts
     D:4: 954 daAuts
     D:2: 893 daAuts
     D:5: 843 daAuts
     D:3: 741 daAuts
     D:1: 696 daAuts
     D:7: 452 daAuts
  Bailey: 109 daAuts
